 Dungeon Crawl Stone Soup version 0.30-a0-782-ge64f9170bb (webtiles) character file.

Game seed: 10841683223617039491

104 mopl the Sneak (level 4, -2/29 HPs)
             Began as an Octopode Brigand on Feb 27, 2023.
             Killed by divine providence
             ... invoked by an orc priest
              (15 damage)
             ... on level 3 of the Dungeon.
             The game lasted 00:01:40 (1761 turns).

mopl the Sneak (Octopode Brigand)                   Turns: 1761, Time: 00:01:40

Health: -2/29      AC:  1    Str: 10    XL:     4   Next: 80%
Magic:  4/4        EV: 12    Int: 13    God:
Gold:   67         SH:  0    Dex: 15    Spells: 3/3 levels left

rFire   . . .      SeeInvis .    a - +2 dagger
rCold   . . .      Faith    .    (no shield)
rNeg    . . .      Spirit   .    (helmet restricted)
rPois   .          Reflect  .    (no amulet)
rElec   .          Harm     .    (no ring)
rCorr   .          Rampage  .    (no ring)
Will    .....                    (no ring)
Stlth   ++++                     (no ring)
HPRegen 0.24/turn                (no ring)
MPRegen 0.09/turn                (no ring)
                                 (no ring)
                                 (no ring)

@: no status effects
A: almost no armour, amphibious, 8 rings, camouflage 1, gelatinous body 1,
(nimble swimmer 1), tentacles
a: no special abilities


You were on level 3 of the Dungeon.
You visited 1 branch of the dungeon, and saw 3 of its levels.

You collected 67 gold pieces.

Inventory:

Hand Weapons
 a - a +2 dagger (weapon)
Missiles
 b - 9 poisoned darts (quivered)
 c - 3 curare-tipped darts
Scrolls
 d - a scroll of noise {unknown}
 f - 3 scrolls of fog {unknown}
 h - a scroll of magic mapping {unknown}
 i - a scroll of teleportation {unknown}
 j - a scroll of torment {unknown}
 k - a scroll of immolation {unknown}
 m - 2 scrolls of identify {unknown}
Potions
 e - a potion of mutation {unknown}
 g - 2 potions of curing {unknown}
 l - a potion of cancellation {unknown}


   Skills:
 - Level 2.0 Fighting
 + Level 3.2 Short Blades
 + Level 3.2 Throwing
 - Level 1.0 Dodging
 + Level 6.4 Stealth


You had 3 spell levels left.
You didn't know any spells.
Your spell library contained the following spells:

 Spells                   Type           Power      Damage    Failure   Level
 Sublimation of Blood     Necr           0%         N/A       43%         2
 Petrify                  Tmut/Erth      0%         N/A       97%         4
 Irradiate                Conj/Tmut      0%         3d11      100%        5


Dungeon Overview and Level Annotations

Branches:
Dungeon (3/15)

Altars:


Innate Abilities, Weirdness & Mutations

You cannot wear most types of armour.
You are amphibious.
You can wear up to eight rings at the same time.
Your skin changes colour to match your surroundings (Stealth+).
Your rubbery body absorbs attacks. (AC +1, EV +1)
((You are camouflaged when in or above water. (Stealth+)))
You have tentacles for arms and can constrict up to eight enemies at once.


Message History

The orc wizard hits you with a +0 dagger.
You hit the orc wizard but do no damage.
The orc wizard is lightly wounded.
You constrict the orc wizard. The orc wizard closely misses you.
You hit the orc wizard.
The orc wizard is moderately wounded.
You constrict the orc wizard.
The orc wizard hits you with a +0 dagger.
You hit the orc wizard.
The orc wizard is heavily wounded.
You constrict the orc wizard.
The orc wizard hits you with a +0 dagger.
You hit the orc wizard.
The orc wizard is heavily wounded.
You constrict the orc wizard.
The orc wizard hits you but does no damage.
You hit the orc wizard.
The orc wizard is almost dead.
You constrict the orc wizard.
The orc wizard hits you with a +0 dagger.
You hit the orc wizard but do no damage.
The orc wizard is almost dead.
You constrict the orc wizard.
You kill the orc wizard!
No target in view!
Things that are here:
a +0 dagger; a +0 robe; an orc corpse You start resting.
HP restored.
There is a stone staircase leading down here.
You climb downwards.
The orc priest invokes the aid of Beogh against you.
Beogh smites you!
Ouch! That really hurt!
The orc barely misses you. The orc hits you with a +0 mace.
There is a stone staircase leading up here.
The orc priest calls down the wrath of Beogh upon you.
Beogh smites you!
Ouch! That really hurt!
You die...

### #.# .. ####.# #:
..##.#
>#####.######.##.#
..........[.#.##.#
##.....###.#.##.#
#.###.# #.#.##.######.
# #.###o#...........
#.###oo.o@.....#######
#.....#######..#
##....# #.†# #..#o#
#.## #..#o# #.#
....#o# #.# ##..o$o#
#.. #...#.# #.#
#..[#.. ..#


You could see an orc priest and 3 orcs.

Vanquished Creatures
  An orc wizard (D:2)
  2 adders (D:2)
  A worm (D:2)
  A dart slug (D:1)
  A bat (D:2)
  10 endoplasms
  2 giant cockroaches (D:2)
  6 goblins (D:1)
  5 hobgoblins
  3 jackals (D:1)
  7 kobolds
  A quokka (D:2)
  5 ball pythons
  A frilled lizard (D:1)
  7 rats
53 creatures vanquished.

Notes
Turn   | Place    | Note
-------+----------+-------------------------------------------
     0 | D:1      | mopl the Octopode Brigand began the quest for the Orb.
     0 | D:1      | Reached XP level 1. HP: 14/14 MP: 1/1
    67 | D:1      | Reached XP level 2. HP: 14/19 MP: 2/2
   250 | D:1      | Reached XP level 3. HP: 17/24 MP: 3/3
   798 | D:2      | Reached skill level 6 in Stealth
  1028 | D:2      | Reached XP level 4. HP: 28/29 MP: 4/4
  1188 | D:2      | Reached skill level 3 in Short Blades
  1188 | D:2      | Reached skill level 3 in Throwing
  1761 | D:3      | Killed from afar by an orc priest

Illustrated notes

Levels and vault maps discovered:
D:1:      amcnicky_arrival_flooded_fountain, layout_loops_ring
D:2:      layout_basic
D:3:      layout_loops_ring, mainiacjoe_overflow_large_starburst

Skill      XL: |  1  2  3  4 |
---------------+-------------+-----
Stealth        | 6 |  6.4
Short Blades   | 3 |  3.2
Throwing       | 3 |  3.2
Fighting       | |  2.0
Dodging        | |  1.0

Action                     |  1- 3 |  4- 6 || total
---------------------------+-------+-------++-------
  Melee: Dagger            |    73 |    29 ||   102
         Constrict         |    19 |     4 ||    23
         Tentacles         |    13 |     4 ||    17
         Punch             |       |     1 ||     1
  Throw: Dart              |       |     2 ||     2
   Stab: Sleeping          |    12 |     8 ||    20
 Armour: Skin              |     1 |     1 ||     2
  Dodge: Dodged            |    27 |    14 ||    41

Table legend: (Time is in decaauts)
 A = Elapsed time spent in this place.
 B = Non-inter-level travel time spent in this place.
 C = Inter-level travel time spent in this place.
 D = Time resting spent in this place.
 E = Time spent auto-exploring this place.
 F = Levels seen in this place.
 G = Mean time per level.
                   A        B        C        D        E       F      G
               +--------+--------+--------+--------+--------+-----+--------+
         Total |   1748 |   1648 |    100 |    278 |   1083 |   3 |  582.7 |
       Dungeon |   1748 |   1648 |    100 |    278 |   1083 |   3 |  582.7 |
               +--------+--------+--------+--------+--------+-----+--------+

Top non-repeatable levels by time:
     D:2: 902 daAuts
     D:1: 783 daAuts
     D:3: 62 daAuts
